 Dungeon Crawl Stone Soup version 0.31.0-32-g396128a36d (webtiles) character file.

Game seed: 5771250806442837073

2086 luncs the Slasher (level 9, -4/69 HPs)
             Began as a Demonspawn Chaos Knight on Apr 10, 2024.
             Was a Plaything of Xom.
             Slain by a vampire mosquito (8 damage)
             ... on level 9 of the Dungeon.
             The game lasted 00:15:37 (2747 turns).

luncs the Slasher (Demonspawn Chaos Knight)         Turns: 2747, Time: 00:15:38

Health: -4/69      AC:  9    Str: 17    XL:     9   Next: 6%
Magic:  9/9        EV: 13    Int: 15    God:    Xom [....*.]
Gold:   231        SH:  0    Dex: 12    Spells: 8/8 levels left

rFire   . . .        a - +0 falchion (elec)
rCold   . . .        (no shield)
rNeg    . . .        b - +3 leather armour
rPois   .            (no helmet)
rElec   .            (no cloak)
rCorr   .            g - +2 pair of gloves
SInv    .            (no boots)
Will    .....        (no amulet)
Stlth   ++           (no ring)
HPRegen 0.31/turn    (no ring)
MPRegen 0.11/turn

%: no passive effects
@: mighty, attractive
A: claws 2, demonic guardian 1, ignite blood 2, big brain 1
a: Renounce Religion


You were on level 9 of the Dungeon.
You worshipped Xom.
You were a beloved toy of Xom.
You visited 2 branches of the dungeon, and saw 11 of its levels.

You collected 231 gold pieces.

Inventory:

Hand Weapons
 a - a +0 falchion of electrocution (weapon)
 d - a +0 lajatang
 n - a +0 short sword of draining
 r - a -2 demon whip of venom
 s - a +0 short sword
Missiles
 e - 23 stones (quivered)
 h - 2 javelins
 i - 10 poisoned darts
Armour
 b - a +3 leather armour (worn)
 g - a +2 pair of gloves (worn)
Magical Staves
 f - a staff of earth
Jewellery
 k - an amulet of the acrobat
Wands
 j - a wand of paralysis (9)
 l - a wand of acid (5)
Scrolls
 c - a scroll of butterflies


   Skills:
 + Level 6.2 Fighting
 + Level 7.5 Long Blades
 + Level 3.7 Armour
 + Level 4.8 Dodging
 + Level 2.4 Stealth
 + Level 1.5 Evocations


You had 8 spell levels left.
You didn't know any spells.
Your spell library was empty.

Dungeon Overview and Level Annotations

Branches:
Dungeon (10/15)            Temple (1/1) D:5
   Lair: D:8-11         Orc: D:9-12

Altars:
Ashenzari
Cheibriados
Fedhas
Gozag
Hepliaklqana
Kikubaaqudgha
Makhleb
Nemelex Xobeh
Qazlal
Ru
Sif Muna
Trog
Vehumet
Xom


Innate Abilities, Weirdness & Mutations

You have very sharp fingernails.
A weak demonic guardian rushes to your aid.
Your demonic aura often causes spilled blood to erupt in flames.
You have an unusually large brain. (Int +2)


Message History

The gnoll sergeant closely misses you.
The gnoll sergeant hits you from afar with a +0 spear.
The gnoll barely misses you. The hound closely misses you.
You climb upwards.
There is a stone staircase leading down here.
You barely miss the gnoll. The vampire mosquito bites you.
The vampire mosquito draws strength from your injuries!
The gnoll barely misses you.
The vampire mosquito bites you but does no damage.
You hit the gnoll but do no damage.
The vampire mosquito bites you but does no damage.
The gnoll hits you with a +0 flail. The vampire mosquito bites you.
* * * LOW HITPOINT WARNING * * *
The vampire mosquito draws strength from your injuries!
You hit the gnoll but do no damage. The vampire mosquito bites you.
* * * LOW HITPOINT WARNING * * *
A demonic guardian appears!
The vampire mosquito draws strength from your injuries!
The gnoll hits you with a +0 flail.
* * * LOW HITPOINT WARNING * * *
The vampire mosquito bites you.
* * * LOW HITPOINT WARNING * * *
The vampire mosquito draws strength from your injuries!
As you read the scroll labelled FAATIAXUAWK, it crumbles to dust.
You hear a loud clanging noise!
It was a scroll of noise.
The vampire mosquito closely misses you.
The gnoll misses you.
The vampire mosquito bites you but does no damage.
Your shadow imp barely misses the vampire mosquito.
It was a potion of attraction.
You feel attractive to monsters.
Xom thinks this is hilarious!
The vampire mosquito misses you. The gnoll closely misses you.
Your shadow imp misses the vampire mosquito.
It was a potion of might.
You feel very mighty all of a sudden. The vampire mosquito barely misses you.
The vampire mosquito bites you!
You die...
Xom guffaws!

#.######.# #.# #.#
#.# #.# #.# #.#
#.# #.# #.# #.#
#.# #.# #.# #.#
#.# #.# #.#
###.######.#######
.....hg@y5........
##################


You could see a vampire mosquito (ally target), a hound (very drained), a gnoll
and a friendly shadow imp (summoned).

Vanquished Creatures
  Amaemon (D:9)
  An orange demon (D:9)
  A water moccasin (D:9)
  An orc warrior (D:8)
  An ice beast (D:6)
  An ogre (D:4)
  3 centaurs (D:9)
  A phantom (D:6)
  A kobold brigand (D:6)
  2 scorpions
  3 killer bees (D:7)
  A bombardier beetle (D:4)
  A hound (D:5)
  3 orc priests
  An iguana (D:5)
  A gnoll (D:3)
  2 adders
  2 ribbon worms (D:4)
  2 dart slugs (D:1)
  3 orcs
  A bat (D:1)
  4 endoplasms (D:1)
  4 goblins
  6 hobgoblins
  12 jackals
  6 quokkas
  6 ball pythons
  6 frilled lizards
  8 kobolds
  2 rats (D:1)
87 creatures vanquished.

Vanquished Creatures (collateral kills)
  An orc wizard (D:8)
  An orc (D:8)
  3 kobolds (D:6)
5 creatures vanquished.

Vanquished Creatures (others)
  A hobgoblin (D:4)
  A kobold zombie (D:3)
2 creatures vanquished.

Grand Total: 94 creatures vanquished

Notes
Turn   | Place    | Note
-------+----------+-------------------------------------------
     0 | D:1      | luncs the Demonspawn Chaos Knight began the quest for the
                  | Orb.
     0 | D:1      | Reached XP level 1. HP: 18/18 MP: 1/1
    37 | D:1      | XOM: smoke on damage
    49 | D:1      | Reached skill level 1 in Dodging
    52 | D:1      | Gained mutation: You have an unusually large brain. (Int
                  | +2) [demonic ancestry]
    52 | D:1      | Reached XP level 2. HP: 22/24 MP: 2/2
    76 | D:1      | Reached skill level 3 in Long Blades
    87 | D:1      | XOM: potion effect (brilliance)
   266 | D:1      | XOM: silly message
   302 | D:1      | Gained mutation: You have sharp fingernails. [demonic
                  | ancestry]
   302 | D:1      | Reached XP level 3. HP: 29/29 MP: 3/3
   474 | D:1      | Found a faded altar of an unknown god.
   839 | D:1      | XOM: scenery: summon butterflies
  1008 | D:3      | Gained mutation: You have very sharp fingernails. [demonic
                  | ancestry]
  1008 | D:3      | Reached XP level 4. HP: 30/35 MP: 4/4
  1202 | D:4      | XOM: smoke on damage
  1270 | D:4      | XOM: 1-stop teleportation journey
  1282 | D:4      | Noticed an ogre
  1287 | D:4      | XOM: destruction
  1291 | D:4      | Killed an ogre
  1292 | D:4      | Reached skill level 4 in Long Blades
  1292 | D:4      | Reached XP level 5. HP: 42/42 MP: 5/5
  1347 | D:4      | XOM: confuse monster(s)
  1412 | D:5      | Entered Level 5 of the Dungeon
  1485 | D:5      | XOM: fake destruction
  1489 | D:5      | Gained mutation: Your demonic aura sometimes causes spilled
                  | blood to erupt in flames. [demonic ancestry]
  1489 | D:5      | Reached XP level 6. HP: 48/48 MP: 6/6
  1505 | D:5      | Found a staircase to the Ecumenical Temple.
  1528 | Temple   | Entered the Ecumenical Temple
  1724 | D:6      | Noticed an ice beast
  1724 | D:6      | XOM: summons friendly shadow imp
  1743 | D:6      | Killed an ice beast
  1744 | D:6      | Reached skill level 5 in Long Blades
  1856 | D:6      | XOM: enchant monster (good)
  1867 | D:6      | Gained mutation: Your demonic aura often causes spilled
                  | blood to erupt in flames. [demonic ancestry]
  1867 | D:6      | Reached XP level 7. HP: 49/55 MP: 7/7
  2028 | D:7      | XOM: noise
  2048 | D:7      | XOM: divination: detect creatures
  2075 | D:7      | Reached skill level 5 in Fighting
  2122 | D:8      | Reached skill level 1 in Evocations
  2284 | D:9      | Reached skill level 1 in Stealth
  2330 | D:9      | Reached skill level 6 in Long Blades
  2330 | D:9      | Reached XP level 8. HP: 51/62 MP: 8/8
  2473 | D:9      | Noticed Amaemon
  2475 | D:9      | Noticed an orange demon
  2476 | D:9      | XOM: summons 8 friendly demons
  2480 | D:9      | XOM: confuse monster(s)
  2483 | D:9      | Killed Amaemon
  2484 | D:9      | Reached skill level 7 in Long Blades
  2488 | D:9      | XOM: summons friendly shadow imp
  2513 | D:9      | Killed an orange demon
  2539 | D:9      | Found a hazy altar of Hepliaklqana.
  2549 | D:9      | Gained mutation: A weak demonic guardian rushes to your
                  | aid. [demonic ancestry]
  2549 | D:9      | Reached XP level 9. HP: 47/69 MP: 9/9
  2627 | D:9      | XOM: 5-stop teleportation journey
  2733 | D:10     | Entered Level 10 of the Dungeon
  2733 | D:10     | Noticed a cyclops
  2744 | D:9      | HP: 3/69 [vampire mosquito (5)]
  2747 | D:9      | Slain by a vampire mosquito

Illustrated notes

Levels and vault maps discovered:
D:1:      minmay_arrival_diagonal_passages, layout_loops_cross,
          hellmonk_ecumenical_altar_dog_temple, minmay_misc_feat_square,
          hangedman_decor_push
D:2:      layout_basic, serial_bayou_pond_d
D:3:      minmay_evil_eye, layout_rooms, mainiacjoe_overflow_small_starburst,
          nicolae_dithmenos_the_darkroom, minmay_fountain_box,
          minmay_gold_behind_fungi, hangedman_decor_slide_cut,
          minmay_misc_feat_nine_boxes, minmay_liquid_box,
          minmay_misc_feat_more_columns
D:4:      layout_basic, nicolae_yredelemnul_ghost_church, uniq_robin,
          uniq_duvessa, uniq_grinder
D:5:      layout_basic, minmay_temple_entry_proselytizer, serial_bayou,
          serial_bayou_ford_a, serial_bayou_lake_a, serial_bayou_lagoon_b,
          serial_bayou_pond_a
D:6:      layout_loops_cross, patterned_corridor
D:7:      layout_basic, kennysheep_generic_room_4, uniq_pikel
D:8:      layout_gridville, general_overflow_altar, okawaru_ov_weapons_minmay,
          serial_shops, shop, uniq_maurice, uniq_maggie
D:9:      layout_small_grid, lemuel_coloured_pillars_altar, orc_0_dummy,
          serial_bayou_pond_d, minmay_misc_feat_rows, uniq_gastronok,
          uniq_amaemon
D:10:     minmay_roctagon, layout_cross, dpeg_oklobed_lair, serial_gnoll_camp,
          gnoll_camp_mini_hut, gnoll_camp_medium_02, gnoll_camp_huts_basic,
          gnoll_camp_mini_hut, uniq_sonja
Temple:   compressed_dpeg_triangle_lava_temple

Skill      XL: |  1  2  3  4  5  6  7  8 |
---------------+-------------------------+-----
Dodging        | 1 2 3 4 |  4.8
Long Blades    | 3 4 5 6 7 |  7.5
Armour         | 2 3 |  3.7
Fighting       | 4 5 6 |  6.2
Evocations     | 1 |  1.5
Stealth        | 1 2 |  2.4

Action                     |  1- 3 |  4- 6 |  7- 9 || total
---------------------------+-------+-------+-------++-------
  Melee: Falchion          |   112 |   140 |    65 ||   317
         Punch             |       |     3 |       ||     3
  Evoke: Wand              |       |       |     3 ||     3
    Use: Scroll            |     4 |     1 |     4 ||     9
         Potion            |       |     2 |     3 ||     5
   Stab: Confused          |       |     1 |     1 ||     2
         Paralysed         |       |     1 |       ||     1
         Distracted        |       |       |     1 ||     1
 Armour: Leather armour    |   107 |    96 |    95 ||   298
  Dodge: Dodged            |   127 |   110 |    64 ||   301
